 Dungeon Crawl Stone Soup version 0.31-a0-986-g5e6e4ef867 (webtiles) character file.

Game seed: 13252673727741964609

177 wildpjah the Slasher (level 5, 0/31 HPs)
             Began as a Tengu Gladiator on Nov 20, 2023.
             Slain by a gnoll
             ... wielding a +0 spear
              (3 damage)
             ... on level 4 of the Dungeon.
             The game lasted 00:02:12 (2320 turns).

wildpjah the Slasher (Tengu Gladiator)              Turns: 2320, Time: 00:02:12

Health: 0/31       AC:  3    Str: 14    XL:     5   Next: 57%
Magic:  0/6        EV: 13    Int:  9    God:
Gold:   142        SH:  0    Dex: 17    Spells: 4/4 levels left

rFire   . . .        a - +0 long sword
rCold   . . .        (no shield)
rNeg    . . .        b - +0 leather armour
rPois   .            c - +0 hat
rElec   .            (no cloak)
rCorr   .            (no gloves)
SInv    .            (boots unavailable)
Will    .....        j - amulet of guardian spirit
Stlth   ++           (no ring)
HPRegen 0.25/turn    (no ring)
MPRegen 0.10/turn

%: acrobat, guardian spirit
@: no status effects
A: beak, talons 3, acrobatic
a: no special abilities


You were on level 4 of the Dungeon.
You visited 1 branch of the dungeon, and saw 4 of its levels.

You collected 142 gold pieces.

Inventory:

Hand Weapons
 a - a +0 long sword (weapon)
Missiles
 d - 3 throwing nets (quivered)
 e - a javelin
Armour
 b - a +0 leather armour (worn)
 c - a +0 hat (worn)
Jewellery
 j - an amulet of guardian spirit (around neck)
Wands
 o - a wand of flame (18)
Scrolls
 h - a scroll of enchant armour {unknown}
 k - a scroll of teleportation {unknown}
 l - 2 scrolls of poison {unknown}
 m - a scroll of torment {unknown}
 p - a scroll of immolation {unknown}
 q - a scroll of identify {unknown}
Potions
 f - 2 potions of cancellation {unknown}
 g - a potion of invisibility {unknown}
 i - a potion of berserk rage {unknown}
 n - 2 potions of might {unknown}


   Skills:
 + Level 2.5 Fighting
 + Level 4.7 Long Blades
 + Level 2.1 Throwing
 * Level 2.4 Armour
 * Level 4.3 Dodging
 + Level 0.9 Stealth


You had 4 spell levels left.
You didn't know any spells.
Your spell library contained the following spells:

 Spells                   Type           Power      Damage    Failure   Level
 Lesser Beckoning         Tloc           0%         N/A       58%         2
 Poisonous Vapours        Pois/Air       0%         N/A       58%         2
 Gell's Gravitas          Tloc           0%         N/A       83%         3
 Mephitic Cloud           Conj/Pois/Air  0%         N/A       83%         3
 Teleport Other           Tloc           0%         N/A       83%         3
 Freezing Cloud           Conj/Ice/Air   0%         6-21      100%        5


Dungeon Overview and Level Annotations

Branches:
Dungeon (4/15)
 Temple: D:4-7

Altars:

Shops:
D:1 :


Innate Abilities, Weirdness & Mutations

You have a beak for a mouth.
You have claws for feet.
You can magically evade attacks while moving or waiting.


Message History

You hit the iguana but do no damage. You peck the iguana, but do no damage.
The iguana is heavily wounded.
The iguana bites you but does no damage.
You hit the iguana. Your kick misses the iguana.
The iguana is almost dead.
The iguana barely misses you.
You barely miss the iguana.
The iguana is almost dead.
The iguana closely misses you.
You hit the iguana but do no damage. You claw the iguana.
You kill the iguana!
The gnoll completely misses you. x2
You hit the gnoll. Your kick misses the gnoll. Your peck misses the gnoll.
The gnoll is lightly wounded.
The gnoll barely misses you.
The gnoll hits you from afar with a +0 spear.
You hit the gnoll. Your kick misses the gnoll.
The gnoll is lightly wounded.
The gnoll barely misses you.
The gnoll hits you from afar with a +0 spear.
You hit the gnoll. Your peck misses the gnoll.
The gnoll is heavily wounded.
The gnoll closely misses you. The gnoll barely misses you.
You slash the gnoll!
You kill the gnoll!
The gnoll barely misses you.
You hit the gnoll but do no damage. You peck the gnoll.
The gnoll is lightly wounded.
The gnoll barely misses you.
The gnoll hits you from afar with a +0 spear.
The gnoll hits you with a +0 flail!
You slash the gnoll!
You kill the gnoll!
The gnoll hits you from afar with a +0 spear.
The orc closely misses you.
The gnoll hits you from afar with a +0 spear!
* * * LOW HITPOINT WARNING * * *
You barely miss the orc. Your kick misses the orc.
The gnoll hits you from afar with a +0 spear.
You die...

#########
.......)####
#......go@.#
.#####.##..#
#.##### #)#
#.# ##.## #
##...##
#.#.....###
#.........#


You could see a gnoll and an orc.

Vanquished Creatures
  A howler monkey (D:4)
  2 iguanas (D:4)
  2 adders
  3 gnolls (D:4)
  2 orcs
  3 ball pythons
  4 endoplasms
  2 giant cockroaches (D:4)
  4 goblins
  5 hobgoblins
  2 kobolds
  3 quokkas
  A bat (D:1)
  2 frilled lizards
  2 rats
38 creatures vanquished.

Notes
Turn   | Place    | Note
-------+----------+-------------------------------------------
     0 | D:1      | wildpjah the Tengu Gladiator began the quest for the Orb.
     0 | D:1      | Reached XP level 1. HP: 12/12 MP: 2/2
   192 | D:1      | Reached XP level 2. HP: 14/17 MP: 3/3
   610 | D:1      | Found Ytoimuun's Book Shop.
  1638 | D:3      | Reached XP level 3. HP: 22/22 MP: 4/4
  1899 | D:3      | Found a faded altar of an unknown god.
  2171 | D:4      | Reached skill level 1 in Armour
  2225 | D:4      | Reached XP level 4. HP: 27/27 MP: 5/5
  2259 | D:4      | Reached XP level 5. HP: 24/31 MP: 4/6
  2320 | D:4      | Slain by a gnoll

Illustrated notes

Levels and vault maps discovered:
D:1:      lemuel_arrival_muddy, layout_basic, serial_shops, shop_fountains
D:2:      layout_basic, bh_walls_and_bars
D:3:      layout_loops_ring, ebering_ecumenical_altar_rust,
          uniq_crazy_yiuf_cottage
D:4:      layout_loops_ring, grunt_qazlal_clouds, lemuel_temple_firewalk_b,
          serial_bayou_crossing

Skill      XL: |  1  2  3  4 |
---------------+-------------+-----
Armour         | 1 2 |  2.4
Long Blades    | 4 |  4.7
Dodging        | 4 |  4.3
Fighting       | |  2.5
Throwing       | |  2.1
Stealth        | |  0.9

Action                     |  1- 3 |  4- 6 || total
---------------------------+-------+-------++-------
  Melee: Long sword        |    56 |    30 ||    86
         Peck              |    11 |     5 ||    16
         Kick              |    11 |     6 ||    17
   Stab: Sleeping          |     3 |       ||     3
 Armour: Leather armour    |    17 |    16 ||    33
  Dodge: Dodged            |    31 |    39 ||    70

Table legend: (Time is in decaauts)
 A = Elapsed time spent in this place.
 B = Non-inter-level travel time spent in this place.
 C = Inter-level travel time spent in this place.
 D = Time resting spent in this place.
 E = Time spent auto-exploring this place.
 F = Levels seen in this place.
 G = Mean time per level.
                   A        B        C        D        E       F      G
               +--------+--------+--------+--------+--------+-----+--------+
         Total |   2338 |   2214 |    124 |     20 |   1934 |   4 |  584.5 |
       Dungeon |   2338 |   2214 |    124 |     20 |   1934 |   4 |  584.5 |
               +--------+--------+--------+--------+--------+-----+--------+

Top non-repeatable levels by time:
     D:1: 899 daAuts
     D:2: 725 daAuts
     D:3: 444 daAuts
     D:4: 268 daAuts
